 Dungeon Crawl Stone Soup version 0.22.0-38-g04b72b8c25 (webtiles) character file.

862 Ponchio the Skirmisher (level 8, -2/53 HPs)
             Began as a Gargoyle Fighter on Aug 27, 2018.
             Splashed by Ijyb's acid (13 damage)
             ... on level 5 of the Dungeon.
             The game lasted 00:24:03 (5656 turns).

Ponchio the Skirmisher (Gargoyle Fighter)           Turns: 5656, Time: 00:24:04

Health: -2/53      AC:  9    Str: 20    XL:     8   Next: 2%
Magic:  8/8        EV:  8    Int:  9    God:
Gold:   306        SH: 10    Dex: 11    Spells: 7/7 levels left

rFire    . . .     SeeInvis .   a - +1 flail
rCold    . . .     Gourm    .   c - +1 shield
rNeg     + . .     Faith    .   g - +0 ring mail
rPois    ∞         Spirit   .   (no helmet)
rElec    +         Reflect  .   (no cloak)
rCorr    .         Harm     .   (no gloves)
MR       .....                  x - +1 pair of boots
Stlth    +.........             (no amulet)
HPRegen  0.17/turn              (no ring)
MPRegen  0.11/turn              (no ring)

@: corroded
A: negative energy resistance 1, electricity resistance, unbreathing,
petrification resistance, rot immunity, AC +5
a: no special abilities


You were on level 5 of the Dungeon.
You were near starving.

You visited 1 branch of the dungeon, and saw 5 of its levels.
You also visited: Sewer.

You collected 306 gold pieces.

Inventory:

Hand Weapons
 a - a +1 flail (weapon)
 h - a +0 hunting sling of flaming
Missiles
 o - 6 javelins (quivered)
 q - 29 sling bullets
Armour
 c - a +1 shield (worn)
 g - a +0 ring mail (worn)
 x - a +1 pair of boots (worn)
Jewellery
 b - a cursed ring of attention {unknown}
 u - an uncursed ring of ice
Wands
 z - a wand of enslavement (17)
Scrolls
 l - a scroll of noise
 m - 2 scrolls of teleportation
 n - a scroll of enchant armour
 p - 3 scrolls of blinking {unknown}
 w - a scroll of vulnerability {unknown}
 y - a scroll of remove curse {unknown}
Potions
 d - a potion of might
 e - a potion of curing
 i - a potion of haste
 j - 4 potions of flight
 k - a potion of invisibility
 r - a potion of lignification {unknown}
 s - a potion of ambrosia {unknown}
 t - a potion of magic {unknown}
 v - 2 potions of brilliance {unknown}
Comestibles
 f - 6 rations


   Skills:
 + Level 7.5 Fighting
 + Level 6.5 Maces & Flails
 - Level 3.2 Armour
 - Level 3.2 Shields


You had 7 spell levels left.
You didn't know any spells.
Your spell library was empty.

Dungeon Overview and Level Annotations

Branches:
Dungeon (5/15)
 Temple: D:4-7

Altars:
Ashenzari
Hepliaklqana
Kikubaaqudgha
Okawaru
Qazlal
Sif Muna
Xom

Annotations:
D:5 Ijyb


Innate Abilities, Weirdness & Mutations

You are resistant to torment.
Your stone body is resilient. (AC +5)
You are immune to poison.
You resist negative energy. (rN+)
You are resistant to electric shocks. (rElec)
You can survive without breathing.
You are immune to petrification.
You are immune to rotting.


Message History

The phantom blinks!
Your shield prevents you from hitting Ijyb.
Ijyb is heavily wounded.
Ijyb hits you but does no damage.
You hit Ijyb but do no damage.
Ijyb is heavily wounded.
Ijyb zaps a wand.
The bolt of acid hits you!
You are splashed with acid!
The acid burns!
You block Ijyb's attack.
You are too injured to fight recklessly!
You are too injured to fight recklessly!
You are too injured to fight recklessly!
You hit Ijyb but do no damage.
Ijyb is heavily wounded.
Ijyb hits you but does no damage.
You sock Ijyb!
Ijyb is almost dead.
Ijyb zaps a wand.
The bolt of acid hits you!
* * * LOW HITPOINT WARNING * * *
The acid corrodes you!
You are splashed with acid!
The acid burns!
You die...

##### # #...#### #.
#...'..# ##. #.[.##.# ####
...###....#.####### .....
+..
.#...#....#.......##.....?
#..
..........'.......')......
+..
##.#...<..#W....@.##......
#..
........#+#....g#.########
#.. ..............#.....#
#.. .#.####.......###.#.#
#.. #. ........# #.#.##+##
##.. ## ###+#####
#.#.....# #...
##.###...######.#.
..........Wg.....#.
############.##o......


You could see a phantom and Ijyb.

Vanquished Creatures
  A phantom (D:4)
  A centaur (D:4)
  A big kobold (D:4)
  A crimson imp (D:5)
  2 orc priests (D:4)
  A hound (D:4)
  A centaur skeleton (D:4)
  An iguana (D:2)
  3 worker ants
  2 orc wizards (D:3)
  A merfolk siren (Sewer)
  Terence (D:2)
  A merfolk avatar (Sewer)
  9 adders
  2 river rats (Sewer)
  An ooze (D:1)
  An adder skeleton (D:4)
  2 worms (D:2)
  A dart slug (D:1)
  2 leopard geckos
  14 orcs
  7 ball pythons
  7 bats
  3 giant cockroaches (Sewer)
  7 goblins
  5 hobgoblins
  13 jackals
  A quokka (D:2)
  A ball python skeleton (D:5)
  9 frilled lizards
  29 kobolds
  27 rats
  2 plants (D:4)
160 creatures vanquished.

Vanquished Creatures (others)
  A plant (D:4)
1 creature vanquished.

Grand Total: 161 creatures vanquished

Notes
Turn   | Place    | Note
-------+----------+-------------------------------------------
     0 | D:1      | Ponchio the Gargoyle Fighter began the quest for the Orb.
     0 | D:1      | Reached XP level 1. HP: 14/14 MP: 1/1
    40 | D:1      | Reached XP level 2. HP: 13/19 MP: 2/2
   400 | D:1      | Reached XP level 3. HP: 20/24 MP: 3/3
   451 | D:1      | Reached skill level 4 in Fighting
   601 | D:2      | Noticed Terence
   617 | D:2      | Killed Terence
   878 | D:2      | Reached XP level 4. HP: 25/30 MP: 4/4
  1151 | D:2      | Found a stormy altar of Qazlal.
  1673 | D:2      | Found a hazy altar of Hepliaklqana.
  1673 | D:2      | Found an ancient bone altar of Kikubaaqudgha.
  1737 | D:2      | Reached XP level 5. HP: 21/34 MP: 5/5
  1775 | D:3      | Found a glowing drain.
  1793 | Sewer    | Entered a sewer
  1867 | Sewer    | Reached skill level 5 in Fighting
  2307 | Sewer    | Noticed a malarious merfolk avatar
  2346 | Sewer    | Reached XP level 6. HP: 23/40 MP: 6/6
  3286 | D:3      | Found a deep blue altar of Sif Muna.
  3474 | D:3      | Reached skill level 6 in Fighting
  3680 | D:4      | Reached skill level 5 in Maces & Flails
  3852 | D:4      | Reached XP level 7. HP: 45/47 MP: 7/7
  4277 | D:4      | Reached skill level 7 in Fighting
  5196 | D:5      | Entered Level 5 of the Dungeon
  5265 | D:5      | Found a shattered altar of Ashenzari.
  5265 | D:5      | Found a shimmering altar of Xom.
  5266 | D:5      | Found an iron altar of Okawaru.
  5301 | D:5      | Noticed Ijyb
  5623 | D:5      | Reached XP level 8. HP: 50/53 MP: 8/8
  5656 | D:5      | Splashed by Ijyb's acid

Skill      XL: |  1  2  3  4  5  6  7 |
---------------+----------------------+-----
Fighting       | 4 5 6 7 |  7.5
Maces & Flails | 3 4 5 6 |  6.5
Armour         | |  3.2
Shields        | |  3.2

Action                   |  1- 3 |  4- 6 |  7- 9 || total
-------------------------+-------+-------+-------++-------
Melee: Flail             |   117 |   335 |   221 ||   673
 Fire: Hunting sling     |       |    15 |       ||    15
  Use: Scroll            |       |     9 |     1 ||    10
       Potion            |       |     2 |       ||     2
  Eat: Chunk             |       |    10 |     5 ||    15
Armor: Scale mail        |    43 |       |       ||    43
       Ring mail         |    25 |   203 |    74 ||   302
Dodge: Dodged            |    43 |   135 |    56 ||   234
Block: Shield            |    59 |   229 |    73 ||   361
